 Dungeon Crawl Stone Soup version 0.16.1 (webtiles) character file.

319 Fiveotanaka the Cudgeler (level 6, -3/46 HPs)
             Began as a Demonspawn Gladiator on Mar 27, 2015.
             Slain by an orc warrior
             ... wielding a +0 short sword
              (13 damage)
             ... on level 4 of the Dungeon.
             The game lasted 00:11:31 (5494 turns).

Fiveotanaka the Cudgeler (Demonspawn Gladiator)     Turns: 5494, Time: 00:11:31

Health: -3/46      AC:  7    Str: 16    XL:     6   Next: 21%
Magic:  6/6        EV: 11    Int:  9    God:
Gold:   251        SH:  0    Dex: 15    Spells: 0 memorised, 5 levels left

rFire  . . .     SeeInvis .     a - +0 flail
rCold  + + .     Clarity  .     w - +2 ring mail {rC+}
rNeg   . . .     SustAb   .     (no shield)
rPois  .         Gourm    .     (helmet restricted)
rElec  .         Spirit   .     (no cloak)
rCorr  +         Warding  .     (no gloves)
rMut   .         Stasis   .     (no boots)
MR     .....                    n - amulet of resist corrosion
Stlth  ++........               (no ring)
                                l - ring of protection from cold

@: not resistant to hostile enchantments, unstealthy
A: antennae 1, claws 1, nightstalker 1, rot immunity
a: no special abilities


You were on level 4 of the Dungeon.
You were not hungry.

You visited 1 branch of the dungeon, and saw 4 of its levels.

You collected 251 gold pieces.

Inventory:

Hand weapons
 a - a +0 flail (weapon)
Missiles
 d - 4 throwing nets (quivered)
 k - 8 poisoned needles
 m - 178 stones
Armour
 b - a +0 leather armour
 c - a +0 helmet
 e - a +0 ring mail
 w - a +2 ring mail of cold resistance (worn)
Jewellery
 l - a ring of protection from cold (left claw)
 n - an amulet of resist corrosion (around neck)
Magical devices
 z - a wand of frost (12)
 B - a wand of lightning (11)
Scrolls
 g - 3 scrolls of amnesia {unknown}
 h - 5 scrolls of identify {unknown}
 i - 5 scrolls of remove curse {unknown}
 j - a scroll of teleportation {unknown}
 r - a scroll of fog {unknown}
 t - a scroll of recharging {unknown}
 v - 2 scrolls of magic mapping {unknown}
 y - a scroll of random uselessness {unknown}
 E - a scroll of blinking {unknown}
Potions
 p - a potion of ambrosia {unknown}
 q - a potion of restore abilities {unknown}
 u - a potion of brilliance {unknown}
 x - a potion of poison {unknown}
 F - a potion of might {unknown}
Books
 s - a book of Spatial Translocations

   Spells                             Type                      Level
   a - Apportation                    Translocation                1
   b - Blink                          Translocation                2
   c - Shroud of Golubria             Charms/Translocation         2
   d - Portal Projectile              Translocation                3
   e - Teleport Other                 Translocation                3
   f - Passage of Golubria            Translocation                4
 A - a book of Beasts

   Spells                             Type                      Level
   a - Summon Butterflies             Summoning                    1
   b - Call Canine Familiar           Summoning                    3
   c - Summon Ice Beast               Ice/Summoning                4
   d - Summon Mana Viper              Hexes/Summoning              5
   e - Monstrous Menagerie            Summoning                    6
   f - Summon Hydra                   Summoning                    7
Comestibles
 f - 2 bread rations
 o - 2 royal jellies
 C - a beef jerky
 D - 3 chunks of flesh


   Skills:
 + Level 2.6 Fighting
 - Level 6.1 Maces & Flails
 - Level 1.7 Throwing
 - Level 2.6 Dodging


You had 5 spell levels left.
You didn't know any spells.

Dungeon Overview and Level Annotations

Branches:
Dungeon (4/15)
 Temple: D:4-7

Altars:
Cheibriados
Kikubaaqudgha
Trog
Vehumet


Innate Abilities, Weirdness & Mutations

You have a pair of small antennae on your head.
You have sharp fingernails.
You are slightly more attuned to the shadows.
You are immune to rotting.


Message History

You hit the orc warrior.
The orc warrior is heavily wounded.
The orc warrior hits you with a short sword!
* * * LOW HITPOINT WARNING * * *
An orc comes into view.
You are too injured to fight recklessly!
The orc shouts!
You hit the orc warrior.
The orc warrior is severely wounded.
You hear a shout! x2
The orc warrior barely misses you.
You hear a shout!
You closely miss the orc warrior.
The orc warrior is severely wounded.
The orc warrior hits you with a short sword.
* * * LOW HITPOINT WARNING * * *
You hit the orc warrior.
The orc warrior is severely wounded.
The orc warrior hits you with a short sword!
You die...

#.#............................
#.########'###'##..............
#.# #.....##.............. #.#
#.....##..............
#.########.....##..............
#..........###.##.###########..
#########......#.##.# #.........
...............o..#.# #.######..
#.#............o@...# ##.........
#.#...#.#......########....####.#
#.#...#.#......##.....+....'....+
#.#...#.#......##.....#....####'#
#.#...#.#......#...........#.....
#.#...#.#######...........(#.....
#........................###.....
###.#.#......^.........[..#####..
#.#....###...............######


You could see an orc warrior and an orc.

Vanquished Creatures
  An orc priest (D:3)
  An iguana (D:4)
  A worker ant (D:4)
  Jessica (D:3)
  3 gnolls (D:4)
  10 adders
  2 giant mites
  3 worms
  6 giant geckos
  3 oozes
  6 orcs
  2 ball pythons
  7 bats
  4 giant cockroaches
  12 hobgoblins
  A quokka (D:2)
  8 giant newts
  9 goblins
  11 jackals
  12 kobolds
  13 rats
116 creatures vanquished.

Vanquished Creatures (others)
  A human (D:3)
1 creature vanquished.

Grand Total: 117 creatures vanquished

Notes
Turn   | Place    | Note
--------------------------------------------------------------
     0 | D:1      | Fiveotanaka, the Demonspawn Gladiator, began the quest for the Orb.
     0 | D:1      | Reached XP level 1. HP: 16/16 MP: 1/1
    36 | D:1      | Reached skill level 3 in Maces & Flails
   137 | D:1      | Gained mutation: You have a pair of small antennae on your head. [demonic ancestry]
   137 | D:1      | Reached XP level 2. HP: 13/22 MP: 2/2
   818 | D:2      | Reached XP level 3. HP: 22/27 MP: 3/3
   899 | D:2      | Noticed a moth of wrath
   916 | D:2      | Found a bloodstained altar of Trog.
   924 | D:2      | Reached skill level 4 in Maces & Flails
  1277 | D:2      | Gained mutation: You are immune to rotting. [demonic ancestry]
  1277 | D:2      | Reached XP level 4. HP: 30/33 MP: 4/4
  1719 | D:2      | Found a radiant altar of Vehumet.
  1971 | D:2      | Found a snail-covered altar of Cheibriados.
  1995 | D:2      | Reached skill level 5 in Maces & Flails
  2884 | D:3      | Gained mutation: You have sharp fingernails. [demonic ancestry]
  2884 | D:3      | Reached XP level 5. HP: 38/38 MP: 5/5
  3580 | D:3      | Noticed Jessica
  3596 | D:3      | Killed Jessica
  3745 | D:3      | Found an ancient bone altar of Kikubaaqudgha.
  3745 | D:3      | Noticed a human
  3748 | D:3      | Killed a human
  3798 | D:3      | Reached skill level 6 in Maces & Flails
  4127 | D:4      | Noticed a phantom
  4399 | D:4      | Gained mutation: You are slightly more attuned to the shadows. [demonic ancestry]
  4399 | D:4      | Reached XP level 6. HP: 39/44 MP: 6/6
  5494 | D:4      | Slain by an orc warrior

Action                   |  1- 3 |  4- 6 || total
-------------------------+-------+-------++-------
Melee: Flail             |   139 |   341 ||   480
  Use: Potion            |       |     1 ||     1
 Stab: Sleeping          |       |     2 ||     2
  Eat: Chunk             |     1 |    14 ||    15
